cohdb
Replays
Latest Replays
All Replays
Popular Replays
Top Player Replays
Match Explorer
How It Works
Community
CoH3 Stats
Reddit
Sign in to upload your games and track your stats! →
Sign in with Steam
Match 45511050
Unlisted
Match 45511050
Overview
Messages
Build Orders
End
Pioneer Squad
Construct Infanterie Kompanie
Grenadier Squad
Grenadier Squad
Pioneer Squad
Medical Station
Construct Panzergrenadier Kompanie
251 Medium Carrier
Pak 40 Anti-tank Gun Team
Support Elements
StuG III G Assault Gun
Grenadier Squad
MG 42 Machine Gun Team
Pioneer Squad
Pioneer Squad
Pioneer Squad
Pioneer Squad
Nebelwerfer 42 Rocket Launcher Team
Pak 40 Anti-tank Gun Team
☠facha max☠ (LE)
~SOK-BarbaPeñaloza
Partizanski
Polka_Pete
0
0
Comments
sign in to comment!
No comments posted yet!